 Dungeon Crawl Stone Soup version 0.30-a0-509-gd016549fea (webtiles) character file.

Game seed: 9204950734007478925

36 HoaS the Shooter (level 3, 0/21 HPs)
             Began as a Tengu Hunter on Dec 22, 2022.
             Succumbed to an adder's poison
             ... on level 2 of the Dungeon.
             The game lasted 00:01:29 (990 turns).

HoaS the Shooter (Tengu Hunter)                      Turns: 990, Time: 00:01:30

Health: 0/21       AC:  3    Str: 11    XL:     3   Next: 37%
Magic:  4/4        EV: 12    Int:  9    God:
Gold:   46         SH:  0    Dex: 19    Spells: 2/2 levels left

rFire   . . .      SeeInvis .    a - +0 shortbow
rCold   . . .      Faith    .    (shield currently unavailable)
rNeg    . . .      Spirit   .    c - +0 leather armour
rPois   .          Reflect  .    (helmet restricted)
rElec   .          Harm     .    (no cloak)
rCorr   .          Rampage  .    (no gloves)
Will    .....                    (boots unavailable)
Stlth   ++........               (no amulet)
HPRegen 0.23/turn                (no ring)
MPRegen 0.09/turn                (no ring)

@: lethally poisoned (0 -> -4)
A: beak, talons 3
a: no special abilities


You were on level 2 of the Dungeon.
You visited 1 branch of the dungeon, and saw 2 of its levels.

You collected 46 gold pieces.

Inventory:

Hand Weapons
 a - a +0 shortbow (weapon)
Armour
 c - a +0 leather armour (worn)
Scrolls
 b - a scroll of immolation
 h - a scroll of poison
Potions
 d - 3 potions of might
 e - a potion of attraction {unknown}
 f - a potion of brilliance {unknown}
 g - a potion of mutation {unknown}


   Skills:
 - Level 2.0 Fighting
 + Level 5.6 Ranged Weapons
 - Level 2.1 Dodging
 - Level 1.0 Stealth


You had 2 spell levels left.
You didn't know any spells.
Your spell library was empty.

Dungeon Overview and Level Annotations

Branches:
Dungeon (2/15)

Altars:


Innate Abilities, Weirdness & Mutations

You have a beak for a mouth.
You have claws for feet.


Message History

You see here a bat corpse.
A worm comes into view.
You shoot an arrow. The arrow hits the worm!
The worm is heavily wounded.
You hear an angry hiss.
You shoot an arrow. The arrow hits the worm!
The worm is severely wounded.
You shoot an arrow. The arrow hits the worm!
You kill the worm!
You shoot an arrow. The arrow closely misses the adder.
You shoot an arrow. The arrow misses the adder.
The adder closely misses you. The adder misses you.
You shoot an arrow. The arrow barely misses the adder.
The adder bites you but does no damage.
You shoot an arrow. The arrow misses the adder.
The adder bites you.
You are poisoned.
The adder poisons you! The adder bites you but does no damage.
You shoot an arrow. The arrow barely misses the adder.
You feel very sick. The adder bites you but does no damage.
The adder barely misses you.
You shoot an arrow. The arrow closely misses the adder.
You feel sick. The adder barely misses you.
You shoot an arrow. The arrow misses the adder.
You feel sick. The adder bites you. x2
You shoot an arrow.
The arrow hits the adder but does no damage.
You feel sick. The adder bites you.
* * * LOW HITPOINT WARNING * * *
You are lethally poisoned!
The adder poisons you!
You shoot an arrow. The arrow closely misses the adder.
* * * LOW HITPOINT WARNING * * *
You feel very sick. The adder closely misses you. The adder barely misses you.
You shoot an arrow. The arrow misses the adder.
* * * LOW HITPOINT WARNING * * *
You feel sick. The adder barely misses you. x2
You shoot an arrow. The arrow hits the adder.
The adder is heavily wounded.
You die...

### ###### #############
....#....###...........#
#.†.#....#†####.#(#..#
#....@##.#....#..#[#.#
......##.S##.####.#...†...
....#..##..........########
...........###..#.#########
....#.....................
.......#.#########........
#.#....#.#......##.#######
##.#....#.#................
.......................>..#


You could see an adder.

Vanquished Creatures
  3 worms (D:2)
  A dart slug (D:1)
  A ball python (D:1)
  3 endoplasms
  4 hobgoblins
  A kobold (D:2)
  A quokka (D:1)
  A bat (D:2)
  5 frilled lizards
  4 goblins (D:1)
24 creatures vanquished.

Notes
Turn   | Place    | Note
-------+----------+-------------------------------------------
     0 | D:1      | HoaS the Tengu Hunter began the quest for the Orb.
     0 | D:1      | Reached XP level 1. HP: 12/12 MP: 2/2
   210 | D:1      | Reached XP level 2. HP: 17/17 MP: 3/3
   251 | D:1      | Reached skill level 5 in Ranged Weapons
   830 | D:2      | Reached XP level 3. HP: 21/21 MP: 4/4
   989 | D:2      | HP: 1/21 [poisoned by an adder]
   990 | D:2      | Succumbed to an adder's poison

Illustrated notes

Levels and vault maps discovered:
D:1:      nagdon_arrival_double_spiral, layout_basic
D:2:      minmay_thinvault, layout_basic, uniq_jessica

Skill      XL: |  1  2 |
---------------+-------+-----
Ranged Weapons | 5 |  5.6
Fighting       | |  2.0
Dodging        | |  2.1
Stealth        | |  1.0

Action                   || total
-------------------------++-------
 Fire: Shortbow          ||    70
  Use: Scroll            ||     2
Armor: Leather armour    ||     3
Dodge: Dodged            ||    17

Table legend: (Time is in decaauts)
 A = Elapsed time spent in this place.
 B = Non-inter-level travel time spent in this place.
 C = Inter-level travel time spent in this place.
 D = Time resting spent in this place.
 E = Time spent auto-exploring this place.
 F = Levels seen in this place.
 G = Mean time per level.
                   A        B        C        D        E       F      G
               +--------+--------+--------+--------+--------+-----+--------+
         Total |   1011 |   1005 |      6 |    146 |    711 |   2 |  505.5 |
       Dungeon |   1011 |   1005 |      6 |    146 |    711 |   2 |  505.5 |
               +--------+--------+--------+--------+--------+-----+--------+

Top non-repeatable levels by time:
     D:1: 662 daAuts
     D:2: 348 daAuts
